 Dungeon Crawl Stone Soup version 0.17-a0-1393-gcb420ff (webtiles) character file.

72 bal the Insei (level 4, -1/24 HPs)
             Began as a Vine Stalker Monk on June 16, 2015.
             Slain by a worm (6 damage)
             ... on level 3 of the Dungeon.
             The game lasted 00:07:48 (1515 turns).

bal the Insei (Vine Stalker Monk)                   Turns: 1515, Time: 00:07:48

Health: -1/24      AC:  4    Str: 13    XL:     4   Next: 25%
Magic:  0/5        EV: 14    Int: 10    God:
Gold:   74         SH:  0    Dex: 18    Spells: 0 memorised, 3 levels left

rFire  . . .     SeeInvis .     r - +0 dagger
rCold  . . .     Clarity  .     a - +0 robe
rNeg   . . .     SustAt   .     (no shield)
rPois  .         Gourm    .     (no helmet)
rElec  .         Spirit   +     e - +1 cloak
rCorr  .         Warding  .     (no gloves)
rMut   .         Stasis   .     (no boots)
MR     .....                    (no amulet)
Stlth  +++.......               (no ring)
                                (no ring)

@: not resistant to hostile enchantments, fairly stealthy
A: fangs 2, regeneration 1, magic shield, antimagic bite, no device heal 3, rot
immunity
a: no special abilities


You were on level 3 of the Dungeon.
You were not hungry.

You visited 1 branch of the dungeon, and saw 3 of its levels.

You collected 74 gold pieces.

Inventory:

Hand weapons
 r - a +0 dagger (weapon)
Missiles
 p - 5 poisoned tomahawks (quivered)
 u - 11 poisoned needles
Armour
 a - a +0 robe (worn)
 e - a +1 cloak (worn)
 m - a +0 cloak
Jewellery
 g - a +3 ring of strength {unknown}
 h - a +4 ring of intelligence {unknown}
 o - an uncursed ring of fire {unknown}
Scrolls
 f - a scroll of noise {unknown}
 n - a scroll of recharging {unknown}
 q - a scroll of magic mapping {unknown}
 t - a scroll of remove curse
 v - a scroll of fog {unknown}
Potions
 c - a potion of invisibility {unknown}
 d - 2 potions of curing
 k - 2 potions of resistance {unknown}
 l - a potion of brilliance {unknown}
Comestibles
 b - 2 bread rations
 i - a beef jerky
 j - a slice of pizza
 s - 3 chunks of flesh


   Skills:
 + Level 3.1 Fighting
   Level 0.1 Maces & Flails
 + Level 3.1 Dodging
 + Level 3.3 Stealth
 + Level 4.4 Unarmed Combat


You had 3 spell levels left.
You didn't know any spells.

Dungeon Overview and Level Annotations

Branches:
Dungeon (3/15)

Altars:
The Shining One


Innate Abilities, Weirdness & Mutations

You have extremely sharp teeth.
Your natural rate of healing is unusually fast.
When hurt, damage is shared between your health and your magic reserves.
Your bite disrupts and absorbs the magic of your enemies.
Potions and wands cannot restore your health.
You are immune to rotting.


Message History

You hit the orc.
You kill the orc!
The jackal bites you. The worm bites you but does no damage.
The jackal bites you. The worm barely misses you.
Things that are here:
a club; an orc corpse You hit the jackal.
The jackal is heavily wounded.
The jackal misses you.
You barely miss the jackal. You punch the jackal. You bite the jackal.
You drain its power.
You feel invigorated.
You kill the jackal!
The worm bites you!
* * * LOW HITPOINT WARNING * * *
You see here a jackal corpse.
You hit the worm. You bite the worm. You drain its power.
You feel invigorated.
The worm is moderately wounded.
The worm bites you!
You die...

#.# #. .# #.##### #.
.# #.....#
####.#####.#######.###
....?.>....#...# #...#
#.........?.... ###.#
'............# #.#
#.........#.# #.#
#....$w@....# #.#
#......).#..# #.#
##########.(########.#
#........##.#
#........##.#
#...........#
###..####.### #..##
#.# ##..# #.#


You could see a worm.

Vanquished Creatures
  An adder (D:2)
  3 oozes (D:1)
  An orc (D:3)
  6 bats
  4 hobgoblins
  2 jackals (D:3)
  7 kobolds
  3 giant cockroaches
  5 giant geckos
  4 giant newts (D:1)
  4 goblins
  8 rats
48 creatures vanquished.

Notes
Turn   | Place    | Note
--------------------------------------------------------------
     0 | D:1      | bal the Vine Stalker Monk began the quest for the Orb.
     0 | D:1      | Reached XP level 1. HP: 11/11 MP: 2/2
    53 | D:1      | Reached XP level 2. HP: 14/16 MP: 3/3
   260 | D:1      | Reached XP level 3. HP: 19/19 MP: 4/4
   801 | D:2      | Found a faded altar to an unknown god.
  1045 | D:2      | Found a glowing golden altar of the Shining One.
  1299 | D:2      | Reached XP level 4. HP: 21/24 MP: 5/5
  1515 | D:3      | Slain by a worm

Vault maps used:
D:1:      erik_arrival_gehennom
D:2:      tso_oasis_becter, ecumenical_altar_2, first_bread

Action                   |  1- 3 |  4- 6 || total
-------------------------+-------+-------++-------
Melee: Unarmed           |    37 |       ||    37
       Whip              |    85 |       ||    85
       Dagger            |     9 |    29 ||    38
  Use: Scroll            |     5 |       ||     5
 Stab: Sleeping          |    10 |     2 ||    12
       Distracted        |     1 |       ||     1
  Eat: Beef jerky        |     1 |       ||     1
       Chunk             |       |     1 ||     1
